 Dungeon Crawl Stone Soup version 0.22-a0-779-g6f83d72c62 (webtiles) character file.

9 RedPan the Magician (level 2, -2/19 HPs)
             Began as a Mummy Wanderer on July 19, 2018.
             Slain by a kobold
             ... wielding a +0 spear
              (3 damage)
             ... on level 1 of the Dungeon.
             The game lasted 00:02:11 (572 turns).

RedPan the Magician (Mummy Wanderer)                 Turns: 572, Time: 00:02:12

Health: -2/19      AC:  2    Str: 15    XL:     2   Next: 3%
Magic:  3/9        EV: 11    Int:  9    God:
Gold:   37         SH:  0    Dex: 13    Spells: 13/14 levels left

rFire    x . .     SeeInvis .   c - +0 dagger
rCold    + . .     Gourm    .   (no shield)
rNeg     + + +     Faith    .   d - +0 robe
rPois    ∞         Spirit   .   (no helmet)
rElec    .         Reflect  .   (no cloak)
rCorr    .         Harm     .   (no gloves)
MR       .....                  (no boots)
Stlth    ++........             (no amulet)
HPRegen  0.06/turn              (no ring)
MPRegen  0.11/turn              (no ring)

@: no status effects
A: no food or potions, fire vulnerability, cold resistance 1, negative energy
resistance 3, torment resistance, unbreathing
a: no special abilities


You were on level 1 of the Dungeon.
You were not hungry.

You visited 1 branch of the dungeon, and saw 1 of its levels.

You collected 37 gold pieces.

Inventory:

Hand Weapons
 c - a +0 dagger (weapon)
 e - a +0 club
Armour
 a - a +0 shield
 d - a +0 robe (worn)
Scrolls
 b - 2 scrolls of remove curse {unknown}
 f - a scroll of identify {unknown}


   Skills:
 + Level 1.5 Stealth
 - Level 1.0 Shields
 - Level 6.6 Spellcasting
   Level 1.0 Hexes
 + Level 1.6 Necromancy
   Level 1.0 Fire Magic


You had 13 spell levels left.
You knew the following spells:

 Your Spells              Type           Power        Failure   Level  Hunger
a - Pain                  Necr           #...         11%         1    N/A

Your spell library contained the following spells:

 Spells                   Type           Power        Failure   Level  Hunger
 Vampiric Draining        Necr           #.........   32%         3    N/A
 Swiftness                Chrm/Air       #.......     32%         2    N/A
 Poisonous Vapours        Pois/Air       #.....       32%         2    N/A

Dungeon Overview and Level Annotations

Branches:
Dungeon (1/15)

Altars:


Innate Abilities, Weirdness & Mutations

You do not eat or drink.
Your flesh is vulnerable to fire.
You are immune to poison.
Your flesh is cold resistant. (rC+)
You are immune to negative energy. (rN+++)
You are immune to unholy pain and torment.
You can survive without breathing.


Message History

You have reached level 2!
The bat barely misses you. x2; The bat closely misses you.
The kobold closely misses you. The dart slug launches a dart at you.
The slug dart hits you! The bat hits you. The kobold hits you with a spear.
You hit the kobold but do no damage. The bat closely misses you.
The kobold hits you with a spear!
* * * LOW HITPOINT WARNING * * *
Casting: Pain (safe; 11% risk of failure)
Confirm with . or Enter, or press ? or * to list all spells.
Aiming: Pain (safe; 11% risk of failure)
Press: ? - help, Shift-Dir - straight line, f - bat
Aim: a bat (chance to defeat MR: 65%)
The bat writhes in agony!
You kill the bat!
The bat completely misses you. The kobold closely misses you.
You closely miss the kobold. The bat barely misses you. x2
The kobold hits you with a spear.
You die...

....)..# #.#...###
.......# .#.......
.†.....# ......... ###
.......##....#.... ...
.....[.#.........##.###
(......#.........#....#.
.(.....#...###..†......w
.......#...##..#b#
.......#.......#@# .
#......#..##...#K##....
####...#......)....#
###.##.####.....#
#.............#
#....####.....#
##..............
#.....###.######.
#.#...# #.# .


You could see a bat and a kobold.

Vanquished Creatures
  2 bats (D:1)
  2 goblins (D:1)
  3 frilled lizards (D:1)
  2 kobolds (D:1)
  2 rats (D:1)
11 creatures vanquished.

Notes
Turn   | Place    | Note
-------+----------+-------------------------------------------
     0 | D:1      | RedPan the Mummy Wanderer began the quest for the Orb.
     0 | D:1      | RedPan set off with: a +0 shield, a +0 robe, a +0 club
     0 | D:1      | Reached XP level 1. HP: 13/13 MP: 8/8
     2 | D:1      | Learned a level 1 spell: Pain
   568 | D:1      | Reached XP level 2. HP: 18/19 MP: 4/9
   572 | D:1      | Slain by a kobold

Vault maps used:
D:1:      dpeg_cavernosity

Action                   || total
-------------------------++-------
Melee: Club              ||     6
       Dagger            ||     4
 Cast: Pain              ||    21
Armor: Robe              ||     8
Dodge: Dodged            ||    22

Table legend:
 A = Spawn XP
 B = Non-spawn XP
 C = Spawn XP percentage of total XP
 D = Spawn monster count
 E = Non-spawn monster count
 F = Spawn count percentage of total count
 G = Total turns spent on level
                    A         B        C        D         E        F      G
               +---------+---------+-------+---------+---------+-------+---------
         Total |       0 |      13 |   0.0 |       0 |      11 |   0.0 |   572
               +---------+---------+-------+---------+---------+-------+---------
           D:1 |       0 |      13 |   0.0 |       0 |      11 |   0.0 |   572
               +---------+---------+-------+---------+---------+-------+---------
